[Event "Titled Tuesday Blitz March 15 Late 2022"]
[White "Borodavkin, Anatoly"]
[Black "Miszler, Levente"]
[WhiteFideId "14150662"]
[BlackFideId "763276"]
[WhiteElo "1845"]
[BlackElo "1966"]
[Result "1-0"]
[Round "04"]
[TimeControl "180+1"]
[Date "2022.03.16"]
[WhiteClock "0:00:19"]
[BlackClock "0:01:21"]

1. e4 e6 2. d4 d5 3. Nc3 Nf6 4. exd5 exd5 5. Bd3 Bd6 6. Nge2 c6 7. Bf4 Be6 8. O-O O-O 9. Qd2 Re8 10. Bxd6 Qxd6 11. Nf4 Nbd7 12. Rfe1 Bg4 13. h3 Be6 14. Re2 Re7 15. Rae1 Rae8 16. Nd1 c5 17. c3 cxd4 18. cxd4 h6 19. Nc3 a6 20. a3 Nb8 21. Na4 Nc6 22. Bc2 Bc8 23. Rxe7 Rxe7 24. Rxe7 Qxe7 25. Nc3 Qd6 26. Qe3 Bd7 27. Nd3 Na5 28. f4 Nc4 29. Qf2 Ne4 30. Nxe4 dxe4 31. Ne5 e3 32. Qe2 Nxe5 33. dxe5 Qd4 34. Qd3 Qxd3 35. Bxd3 f6 36. exf6 gxf6 37. Kf1 Bc6 38. g3 Bf3 39. Be2 Be4 40. Bc4+ Kg7 41. Ke2 Bg2 42. h4 Kg6 43. Kxe3 Kf5 44. Kf2 Bc6 45. Be2 Ke4 46. Bf3+ Kd4 47. Bxc6 bxc6 48. Kf3 a5 49. g4 a4 50. g5 fxg5 51. fxg5 hxg5 52. hxg5 Ke5 53. Ke3 Kf5 54. Kd4 Kxg5 55. Kc5 Kf5 56. Kxc6 Ke4 57. Kb5 Kd4 58. Kxa4 Kc5 59. b4+ Kb6 60. Kb3 Ka6 61. a4 Kb6 62. Kc4 Ka6 63. Kc5 Ka7 64. b5 Kb7 65. a5 Ka7 66. Kc6 Ka8 67. Kc7 Ka7 68. b6+ Ka6 69. b7 1-0


[Site "https://www.chess.com"]

[Event "Titled Tuesday Blitz March 15 Late 2022"]
[White "Bortnyk, Olexandr"]
[Black "Senft, Sean"]
[WhiteFideId "14120828"]
[BlackFideId "2044960"]
[WhiteElo "2723"]
[BlackElo "1881"]
[Result "1-0"]
[Round "04"]
[TimeControl "180+1"]
[Date "2022.03.16"]
[WhiteClock "0:00:23"]
[BlackClock "0:00:04"]

1. h3 d5 2. a3 c6 3. g3 Nf6 4. Bg2 Bf5 5. b3 e6 6. Bb2 Nbd7 7. d3 Bd6 8. Nd2 h6 9. Ngf3 Qc7 10. e3 O-O 11. Qe2 e5 12. e4 Bg6 13. g4 Rad8 14. Nh4 Bh7 15. Nf5 Rfe8 16. h4 Bxf5 17. gxf5 Bc5 18. Bf3 Bd4 19. c3 Bb6 20. b4 dxe4 21. dxe4 a5 22. Nc4 c5 23. b5 a4 24. Rg1 Kh8 25. O-O-O Nf8 26. Kb1 Ba7 27. Bc1 N8d7 28. Rg3 Nb6 29. Rdg1 Rg8 30. Ne3 Qd7 31. Rd1 Qe7 32. Rxd8 Rxd8 33. c4 Qd7 34. Kc2 Qd4 35. Bb2 Qd6 36. Rg1 Bb8 37. Bc3 Bc7 38. Bg2 Qe7 39. Qf3 Nc8 40. Bf1 Nd6 41. Bd3 Qd7 42. Rd1 Qe7 43. Qg2 Rd7 44. Rg1 Qf8 45. Bxe5 Re7 46. Bxf6 gxf6 47. Nd5 Re5 48. Nxf6 Ne8 49. Qg8+ 1-0


[Site "https://www.chess.com"]

[Event "Titled Tuesday Blitz March 15 Late 2022"]
[White "Bryakin, Mikhail"]
[Black "Krishnan, Varun"]
[WhiteFideId "4165314"]
[BlackFideId "5054508"]
[WhiteElo "2417"]
[BlackElo "2570"]
[Result "1-0"]
[Round "04"]
[TimeControl "180+1"]
[Date "2022.03.16"]
[WhiteClock "0:01:00"]
[BlackClock "0:00:03"]

1. e4 c5 2. Nf3 e6 3. c3 d5 4. exd5 Qxd5 5. d4 Nf6 6. Be3 cxd4 7. Qxd4 Nc6 8. Qxd5 Nxd5 9. Bd2 Be7 10. Bc4 Nb6 11. Bb3 e5 12. O-O e4 13. Ng5 Bxg5 14. Bxg5 Bf5 15. Nd2 O-O 16. Rfe1 Rfe8 17. Rad1 a5 18. a3 h6 19. Be3 Nd7 20. Nc4 Be6 21. Nd2 Bxb3 22. Nxb3 Nde5 23. Nc5 Nc4 24. Nxb7 Nxb2 25. Rd6 Ne5 26. Rd4 Nbc4 27. a4 Nd3 28. Rf1 Rab8 29. Rxc4 Rxb7 30. h4 Rb3 31. Ra1 Nb2 32. Rc5 Ra8 33. Bd4 Nd3 34. Rb5 Rxb5 35. axb5 f6 36. b6 Kf7 37. Rb1 Rb8 38. b7 Ne5 39. Ba7 Nc6 40. Bxb8 Nxb8 41. Rb5 Ke6 42. Rxa5 Kd7 43. Rc5 1-0


[Site "https://www.chess.com"]

[Event "Titled Tuesday Blitz March 15 Late 2022"]
[White "Cagara, Paulina"]
[Black "Martin Barcelo, Carles"]
[WhiteFideId "1124870"]
[BlackFideId "24561444"]
[WhiteElo "1780"]
[BlackElo "1875"]
[Result "0-1"]
[Round "04"]
[TimeControl "180+1"]
[Date "2022.03.16"]
[WhiteClock "0:00:01"]
[BlackClock "0:00:09"]

1. e4 e6 2. d4 d5 3. Nc3 dxe4 4. Nxe4 Nd7 5. Bd3 Ngf6 6. Bg5 Be7 7. Nxf6+ Bxf6 8. Bxf6 Qxf6 9. Nf3 O-O 10. O-O c5 11. c3 b6 12. Be4 Rb8 13. Bc6 Rd8 14. Qa4 a5 15. Rad1 Qe7 16. Rfe1 Nf6 17. Ne5 Ba6 18. Bf3 Qe8 19. Nc6 Rdc8 20. dxc5 Bb7 21. Rd6 b5 22. Qxa5 Bxc6 23. Bxc6 Rxc6 24. Red1 Rxd6 25. cxd6 Qd7 26. h4 h5 27. Qc7 Rd8 28. b3 Ng4 29. Qxd7 Rxd7 30. f3 Nf6 31. c4 bxc4 32. bxc4 Kf8 33. c5 Ra7 34. c6 Ke8 35. c7 Kd7 36. Rc1 Ra8 37. a4 Ne8 38. c8=Q+ Rxc8 39. Rb1 Nxd6 40. Rb6 Ra8 41. Rb4 Ra5 42. Kh2 Kc6 43. Kh3 Nc8 44. Rc4+ Kd7 45. Rb4 Kc7 46. Rc4+ Kb7 47. Rb4+ Nb6 48. Rd4 Rxa4 49. Rd2 Kc6 50. g4 hxg4+ 51. fxg4 Ra3+ 52. Kh2 Nd5 53. h5 Kd6 54. g5 Ke5 55. h6 gxh6 56. gxh6 Ra8 57. Rg2 Rh8 58. Rg7 Rxh6+ 59. Kg3 Rg6+ 60. Rxg6 fxg6 0-1


[Site "https://www.chess.com"]

[Event "Titled Tuesday Blitz March 15 Late 2022"]
[White "Chigaev, Maksim"]
[Black "Nakamura, Hikaru"]
[WhiteFideId "4108116"]
[BlackFideId "2016192"]
[WhiteElo "2502"]
[BlackElo "2850"]
[Result "0-1"]
[Round "04"]
[TimeControl "180+1"]
[Date "2022.03.15"]
[WhiteClock "0:00:01"]
[BlackClock "0:00:22"]

1. d4 f5 2. Bg5 c6 3. Nc3 Qb6 4. a3 d5 5. e3 Nd7 6. Bd3 e6 7. Nge2 Ngf6 8. O-O Bd6 9. Bf4 Qc7 10. Bxd6 Qxd6 11. f3 c5 12. dxc5 Nxc5 13. b4 Ncd7 14. Nb5 Qb6 15. Qd2 O-O 16. Ned4 Ne5 17. a4 a6 18. a5 Qd8 19. Nc3 Bd7 20. Kh1 Rc8 21. Nce2 Qc7 22. f4 Nf7 23. Nf3 g6 24. Ned4 e5 25. fxe5 Nxe5 26. Nxe5 Qxe5 27. h3 Nh5 28. Kg1 Rfe8 29. Rae1 Re7 30. Nf3 Qc7 31. Nd4 Rce8 32. Rf2 Ng3 33. Rf3 Qe5 34. Qf2 Ne4 35. Bxe4 dxe4 36. Rg3 Rc8 37. h4 Rg7 38. Rd1 h6 39. Rd2 Rf8 40. Ne2 g5 41. hxg5 hxg5 42. c4 Be6 43. Rh3 f4 44. Rh5 f3 45. Nd4 Bxc4 46. gxf3 exf3 47. Rh3 g4 48. Rg3 Qe4 49. Rd1 Rf6 50. Nc2 Bd3 51. Nd4 Rh6 52. Re1 Qh7 0-1


[Site "https://www.chess.com"]

[Event "Titled Tuesday Blitz March 15 Late 2022"]
[White "Chiku-Ratte, Olivier-Kenta"]
[Black "Badelka, Olga"]
[WhiteFideId "2614782"]
[BlackFideId "13509926"]
[WhiteElo "2324"]
[BlackElo "2165"]
[Result "1-0"]
[Round "04"]
[TimeControl "180+1"]
[Date "2022.03.16"]
[WhiteClock "0:01:09"]
[BlackClock "0:00:04"]

1. Nf3 d5 2. d4 Nf6 3. c4 e6 4. Nc3 Bb4 5. Qa4+ Nc6 6. e3 O-O 7. Qc2 dxc4 8. Bxc4 Bd6 9. O-O e5 10. d5 Ne7 11. e4 a6 12. a4 c6 13. dxc6 Nxc6 14. Rd1 Qe7 15. Bg5 Be6 16. Bxe6 Qxe6 17. Nd5 Nd7 18. Rac1 f6 19. Be3 Nb4 20. Nxb4 Bxb4 21. Qc7 Rfd8 22. Qxb7 Bf8 23. Rc6 Nc5 24. Rxd8 Rxd8 25. h3 Rd1+ 26. Kh2 Nxb7 27. Rxe6 a5 28. Rc6 Nd6 29. Nd2 1-0


[Site "https://www.chess.com"]

[Event "Titled Tuesday Blitz March 15 Late 2022"]
[White "Ciolek, Andreas"]
[Black "Krasteva, Beloslava"]
[WhiteFideId "12906727"]
[BlackFideId "2922029"]
[WhiteElo "2215"]
[BlackElo "1689"]
[Result "0-1"]
[Round "04"]
[TimeControl "180+1"]
[Date "2022.03.16"]
[WhiteClock "0:00:02"]
[BlackClock "0:00:07"]

1. e4 c5 2. Nf3 e6 3. c3 d5 4. exd5 Qxd5 5. d4 Nc6 6. Be2 Nf6 7. O-O Be7 8. Na3 cxd4 9. Nb5 Qd8 10. Nbxd4 Nxd4 11. Nxd4 O-O 12. Bf3 a6 13. Qe2 Qc7 14. g3 e5 15. Nb3 Be6 16. Be3 Nd7 17. Rad1 Rae8 18. Bg2 f5 19. Bc1 Nf6 20. Rfe1 e4 21. Nd4 Bc4 22. Qc2 g6 23. b3 Bf7 24. c4 Ng4 25. Bb2 Ne5 26. a3 Nd3 27. Rxd3 exd3 28. Qxd3 Bf6 29. Rd1 Bg7 30. Bd5 Bxd5 31. cxd5 Qd6 32. Qc4 Rc8 33. Qe2 Rfe8 34. Ne6 Bxb2 35. Qxb2 Rxe6 36. h4 Ree8 37. h5 Qe5 38. Qd2 Qe2 39. Qd4 Qe5 40. Qd2 Rcd8 41. d6 Re6 42. d7 Re7 43. hxg6 hxg6 44. Qg5 Kf7 45. Qh6 Rexd7 46. Rf1 Qg7 47. Qf4 Qf6 48. Kg2 Rd4 49. Qc7+ R8d7 50. Qc8 Qc6+ 51. Qxc6 bxc6 52. b4 Rd3 53. Rc1 R7d6 54. a4 Rb3 55. Rc4 Ke6 56. f4 Kd5 57. Rc5+ Kd4 58. Rc1 Rxb4 59. Rd1+ Kc5 60. Rc1+ Rc4 61. Rb1 Rxa4 62. Rc1+ Rc4 63. Rb1 a5 64. Rb8 a4 65. Ra8 Rd2+ 66. Kh3 Rd3 67. Kh4 a3 68. g4 Rxf4 69. Kg5 Rxg4+ 70. Kh6 Rg2 71. Kh7 a2 72. Kh6 Rd1 73. Kh7 a1=Q 74. Rh8 Rh1+ 0-1


[Site "https://www.chess.com"]

[Event "Titled Tuesday Blitz March 15 Late 2022"]
[White "Clawitter, Craig"]
[Black "Reprintsev, Alexander"]
[WhiteFideId "2023105"]
[BlackFideId "14100541"]
[WhiteElo "2220"]
[BlackElo "2108"]
[Result "0-1"]
[Round "04"]
[TimeControl "180+1"]
[Date "2022.03.16"]
[WhiteClock "0:00:02"]
[BlackClock "0:01:34"]

1. e4 d5 2. exd5 Qxd5 3. Nc3 Qa5 4. d4 Nf6 5. Nf3 Nc6 6. d5 Nb4 7. Bb5+ Bd7 8. Bxd7+ Nxd7 9. a3 Nf6 10. axb4 Qxa1 11. O-O Qa6 12. Ne5 Rd8 13. Qf3 e6 14. dxe6 fxe6 15. Bg5 Be7 16. Bxf6 Bxf6 17. Qh5+ g6 18. Nxg6 hxg6 19. Qxg6+ Ke7 20. Ne4 e5 21. Re1 Rdg8 22. Qf5 Qe6 0-1


[Site "https://www.chess.com"]

[Event "Titled Tuesday Blitz March 15 Late 2022"]
[White "Constantinou, Peter"]
[Black "Kokoszczynski, Jan"]
[WhiteFideId "413038"]
[BlackFideId "1174460"]
[WhiteElo "2230"]
[BlackElo "2163"]
[Result "0-1"]
[Round "04"]
[TimeControl "180+1"]
[Date "2022.03.16"]
[WhiteClock "0:00:34"]
[BlackClock "0:00:17"]

1. e4 e5 2. Nf3 Nc6 3. Nc3 Nf6 4. d4 exd4 5. Nxd4 Bb4 6. Nxc6 bxc6 7. Bd3 d5 8. exd5 cxd5 9. O-O O-O 10. h3 Rb8 11. Qf3 Rb6 12. Ne2 Bb7 13. Bg5 Be7 14. b3 c5 15. Ng3 c4 16. Be2 d4 17. Qf5 g6 18. Qa5 d3 19. cxd3 cxd3 20. Rfd1 Rd6 21. Qxd8 Rfxd8 22. Bf1 Kg7 23. Rac1 h6 24. Bf4 R6d7 25. Be5 d2 26. Rc2 Bb4 27. Bc4 h5 28. Nf1 Be4 29. Rb2 g5 30. a3 Bxa3 31. Rbxd2 Rxd2 32. Rxd2 Rxd2 33. Nxd2 Bc6 34. f3 Be7 35. Kf2 Kg6 36. Bd4 a5 37. Bc3 Bb4 38. Bxb4 axb4 39. Ke3 Nd5+ 40. Bxd5 Bxd5 41. Kd4 Be6 42. Kc5 Kf5 43. g3 h4 44. gxh4 gxh4 45. Kxb4 Kf4 46. Kc5 Bxh3 47. b4 Bc8 48. b5 h3 49. Nf1 Kxf3 50. Kc6 Kg2 51. Kc7 Kxf1 52. Kxc8 h2 53. b6 h1=Q 54. b7 Qxb7+ 55. Kxb7 f5 0-1


[Site "https://www.chess.com"]

[Event "Titled Tuesday Blitz March 15 Late 2022"]
[White "Curtis, John"]
[Black "Koutlas, Nikolaos"]
[WhiteFideId "3200256"]
[BlackFideId "25827138"]
[WhiteElo "2203"]
[BlackElo "1610"]
[Result "1-0"]
[Round "04"]
[TimeControl "180+1"]
[Date "2022.03.16"]
[WhiteClock "0:00:09"]
[BlackClock "0:00:12"]

1. d4 Nf6 2. Nf3 g6 3. g3 Bg7 4. Bg2 O-O 5. O-O d6 6. c4 c6 7. Nc3 Qa5 8. h3 e5 9. e4 exd4 10. Nxd4 Re8 11. Bf4 Qb4 12. Qb3 Qc5 13. Be3 Qh5 14. g4 Bxg4 15. hxg4 Nxg4 16. Nf3 Nd7 17. Rfe1 Nde5 18. Nxe5 Bxe5 19. Qd1 f5 20. Bf3 Qh3 21. Bg2 Qh2+ 22. Kf1 Rf8 23. Qf3 Qh4 24. Qh3 Qf6 25. exf5 Qxf5 26. Re2 Rae8 27. Kg1 Nxe3 28. Qxe3 Bxc3 29. Qxe8 Rxe8 30. Rxe8+ Kf7 31. Re2 Bd4 32. Rae1 Be5 33. Kf1 c5 34. b3 b6 35. Bd5+ Kf6 36. Re3 Ke7 37. Rf3 Qg5 38. Ke2 Kd8 39. Re3 h5 40. Rf1 Qg4+ 41. f3 Qg2+ 42. Rf2 Qg5 43. f4 Bxf4 44. Ref3 Be5 45. Rf8+ Kd7 46. R2f7+ Qe7 47. Rxe7+ Kxe7 48. Rg8 Kf6 49. Kf3 Kg5 50. Ke4 h4 51. Bf7 Kf6 52. Rxg6+ Kxf7 53. Rh6 Bg3 54. Kf5 Kg7 55. Rh5 a5 56. Rg5+ Kf7 57. Rh5 Kg7 58. Rg5+ Kh6 59. Rg4 Kh5 60. Rg8 Kh6 61. Rh8+ Kg7 62. Rh5 a4 63. Rg5+ Kf7 64. bxa4 Be5 65. Rh5 Bg3 66. Rh6 Ke8 67. Ke6 Kd8 68. Rh7 Kc8 69. Kd5 Be5 70. Kc6 Kd8 71. Rxh4 Bc3 72. Rh7 d5 73. Kxd5 b5 74. axb5 Bd4 75. a4 Kc8 76. a5 Kb8 77. a6 Ka8 78. b6 Kb8 79. Rf7 Kc8 80. Rf8+ Kd7 81. a7 Ke7 82. a8=Q Be5 83. Qc6 Kxf8 84. Qe6 Bc7 85. bxc7 1-0


[Site "https://www.chess.com"]

[Event "Titled Tuesday Blitz March 15 Late 2022"]
[White "Deac, Bogdan-Daniel"]
[Black "Moroni, Luca Jr"]
[WhiteFideId "1226380"]
[BlackFideId "865834"]
[WhiteElo "2646"]
[BlackElo "2573"]
[Result "1-0"]
[Round "04"]
[TimeControl "180+1"]
[Date "2022.03.15"]
[WhiteClock "0:00:05"]
[BlackClock "0:00:02"]

1. e4 e5 2. Nf3 d6 3. Bc4 Be7 4. c3 c5 5. d3 Nc6 6. Nbd2 Be6 7. Nf1 Nf6 8. Ng3 d5 9. Bb5 Qc7 10. Ng5 Bg4 11. f3 Bd7 12. exd5 Nxd5 13. Bc4 Bxg5 14. Bxg5 Nb6 15. Bb3 f6 16. Be3 Na5 17. Bc2 Nd5 18. Bf2 O-O 19. O-O b6 20. d4 exd4 21. cxd4 c4 22. Be4 Be6 23. Qc2 g6 24. Rae1 Bf7 25. Ne2 Qd7 26. Nc3 Rac8 27. Qd2 Nc6 28. Bh4 f5 29. Bb1 Rfe8 30. Bf2 Rxe1 31. Rxe1 Re8 32. a3 Rxe1+ 33. Qxe1 Qe6 34. Qd2 Na5 35. Bc2 Qe7 36. h4 Nc6 37. h5 Kg7 38. hxg6 hxg6 39. Kf1 Qf6 40. Ba4 Nce7 41. Bg3 f4 42. Bf2 Nxc3 43. bxc3 Nd5 44. Kg1 Qe7 45. Bc6 Qxa3 46. Bxd5 Bxd5 47. Qxf4 Qe7 48. Bg3 a5 49. Qb8 a4 50. Be5+ Kf7 51. Qxb6 Be6 52. Qa6 a3 53. Bd6 Qd7 54. Qxa3 Qb5 55. Be5 Qb1+ 56. Kf2 Qc2+ 57. Kg3 g5 58. Qa7+ Kg6 59. Qg7+ Kf5 60. Qf6# 1-0


[Site "https://www.chess.com"]

[Event "Titled Tuesday Blitz March 15 Late 2022"]
[White "Domingo Nunez, Alejandro"]
[Black "Papasimakopoulos, Alexandros"]
[WhiteFideId "22245561"]
[BlackFideId "4244125"]
[WhiteElo "2215"]
[BlackElo "2340"]
[Result "1-0"]
[Round "04"]
[TimeControl "180+1"]
[Date "2022.03.16"]
[WhiteClock "0:00:27"]
[BlackClock "0:00:10"]

1. Nf3 f5 2. c3 Nf6 3. d4 g6 4. Nbd2 Bg7 5. Qc2 e6 6. e4 fxe4 7. Nxe4 O-O 8. Bg5 Qe8 9. Nxf6+ Bxf6 10. Bxf6 Rxf6 11. h4 Nc6 12. h5 e5 13. O-O-O d5 14. hxg6 Bf5 15. Qb3 exd4 16. Qxd5+ Kh8 17. Nxd4 Qxg6 18. Nxf5 Rxf5 19. Qe4 Re8 20. Qc2 Ne5 21. g3 Rf7 22. Qxg6 Nxg6 23. Bd3 Kg7 24. Rd2 Ree7 25. f4 b6 26. Kc2 Re3 27. Rg1 Rfe7 28. Rf1 Kf6 29. g4 Re1 30. g5+ Kf7 31. f5 Nf8 32. g6+ hxg6 33. fxg6+ Kg7 34. Rxe1 Rxe1 35. Rf2 Nxg6 36. Rg2 Re6 37. Kb3 Rd6 38. Bxg6 Rxg6 39. Rxg6+ Kxg6 40. Kc4 c6 41. b4 a6 42. a4 Kf6 43. a5 bxa5 44. bxa5 Ke6 45. Kc5 Kd7 46. Kb6 c5 47. c4 Kd6 48. Kxa6 Kc6 49. Ka7 Kc7 50. a6 Kd6 51. Kb6 Ke5 52. a7 Kd4 53. Kb5 Kd3 54. a8=Q Kd4 55. Qd5+ Kc3 56. Qxc5 Kb3 57. Qb4+ Ka2 58. c5 Ka1 59. c6 Ka2 60. c7 Ka1 61. c8=Q Ka2 62. Qa6# 1-0


[Site "https://www.chess.com"]

[Event "Titled Tuesday Blitz March 15 Late 2022"]
[White "Donatti, Alvaro"]
[Black "Jarocka, Liwia"]
[WhiteFideId "3000303"]
[BlackFideId "21807558"]
[WhiteElo "2138"]
[BlackElo "1896"]
[Result "0-1"]
[Round "04"]
[TimeControl "180+1"]
[Date "2022.03.16"]
[WhiteClock "0:00:04"]
[BlackClock "0:01:01"]

1. e4 c5 2. Nf3 d6 3. c3 g6 4. Bc4 Bg7 5. O-O e6 6. d4 cxd4 7. cxd4 Ne7 8. Nc3 O-O 9. Bg5 h6 10. Be3 a6 11. a4 b6 12. Qd2 Bb7 13. Bxh6 Nd7 14. Bxg7 Kxg7 15. Rfe1 Rc8 16. Ba2 Nf6 17. Rac1 d5 18. e5 Ne4 19. Nxe4 dxe4 20. Rxc8 Qxc8 21. Ng5 Nf5 22. Nxe4 Rd8 23. Nd6 Nxd6 24. exd6 Rxd6 25. Qf4 Qd8 26. Rd1 Bd5 27. Bxd5 Rxd5 28. h3 Qd7 29. Qe3 Qxa4 30. Rd2 Qb4 31. g4 a5 32. h4 Qe7 33. Qg3 Qf6 34. g5 Qd8 35. Qf4 e5 36. Qe4 exd4 37. f4 Qd7 38. Rd3 Qg4+ 39. Kf1 Rf5 40. Rxd4 Qxh4 41. Ke2 Qg4+ 42. Kd3 Qg3+ 43. Kc2 Rc5+ 44. Kb1 Qg1+ 45. Ka2 Qc1 0-1


[Site "https://www.chess.com"]

[Event "Titled Tuesday Blitz March 15 Late 2022"]
[White "Drozdowski, Kacper"]
[Black "Obolenskikh, Dmitry"]
[WhiteFideId "1136720"]
[BlackFideId "4156013"]
[WhiteElo "2938"]
[BlackElo "2792"]
[Result "1-0"]
[Round "04"]
[TimeControl "180+1"]
[Date "2022.03.15"]
[WhiteClock "0:00:32"]
[BlackClock "0:00:14"]

1. e4 e5 2. Nf3 Nc6 3. Bc4 Bc5 4. c3 Nf6 5. d3 d6 6. Bb3 Bb6 7. Nbd2 Be6 8. h3 Bxb3 9. axb3 O-O 10. Nh2 Ne7 11. Ng4 Ng6 12. Nc4 Nd7 13. Qf3 c6 14. Nxb6 axb6 15. Rxa8 Qxa8 16. O-O Qa2 17. b4 Qe6 18. Ne3 Ne7 19. Nc4 f5 20. exf5 Nxf5 21. Re1 Ne7 22. Qg4 Nf5 23. f4 b5 24. Na5 Nf6 25. Qe2 Qd7 26. fxe5 dxe5 27. Bg5 Re8 28. Bxf6 gxf6 29. Nb3 Qd5 30. Nc5 Ng7 31. Ne4 Rf8 32. Qf3 f5 33. Nc5 Qxf3 34. gxf3 Re8 35. Nxb7 Nh5 36. Nd6 Rd8 37. Nxf5 Rxd3 38. Rxe5 Rxf3 39. Nh6+ Kg7 40. Rxh5 Kg6 41. Rc5 Kxh6 42. Rxc6+ Kg7 43. Kg2 Rd3 44. Rc5 Rd2+ 45. Kg3 Rxb2 46. Rxb5 Kf6 47. Rc5 Ke6 48. b5 Kd7 49. c4 Rb4 50. Rc6 Rb1 51. h4 h5 52. Kf4 Rg1 53. Ke5 Rg4 54. Kd5 Rxh4 55. Rh6 Rh1 56. Rh7+ Kc8 57. Kc6 Kd8 58. Rh8+ Ke7 59. b6 1-0


[Site "https://www.chess.com"]

[Event "Titled Tuesday Blitz March 15 Late 2022"]
[White "Eames, Robert S"]
[Black "Ljukin, Sergei"]
[WhiteFideId "408743"]
[BlackFideId "14102200"]
[WhiteElo "2105"]
[BlackElo "2312"]
[Result "0-1"]
[Round "04"]
[TimeControl "180+1"]
[Date "2022.03.16"]
[WhiteClock "0:00:23"]
[BlackClock "0:01:19"]

1. e4 e6 2. d4 d5 3. e5 c5 4. c3 Nc6 5. Nf3 Qb6 6. Bd3 cxd4 7. O-O Bd7 8. Re1 a6 9. Qe2 Nge7 10. Ng5 Ng6 11. Qh5 Ncxe5 12. Bxg6 fxg6 13. Qe2 Bd6 14. Bf4 h6 15. Nxe6 d3 16. Nxg7+ Kf7 17. Qd1 Nc4 18. Bxd6 Qxd6 19. Qxd3 Kxg7 20. Qd4+ Kh7 21. b3 Rae8 22. Rd1 Nb6 23. Nd2 Rhf8 24. Nf3 Rf4 0-1


[Site "https://www.chess.com"]

[Event "Titled Tuesday Blitz March 15 Late 2022"]
[White "Eisen, Zane"]
[Black "Perez Torres, Nabi Isaias"]
[WhiteFideId "2098750"]
[BlackFideId "5120373"]
[WhiteElo "2014"]
[BlackElo "1755"]
[Result "1-0"]
[Round "04"]
[TimeControl "180+1"]
[Date "2022.03.16"]
[WhiteClock "0:00:11"]
[BlackClock "0:00:49"]

1. e4 c5 2. d4 cxd4 3. c3 dxc3 4. Nxc3 Nc6 5. Nf3 e6 6. Bc4 Bb4 7. O-O Nge7 8. Bg5 h6 9. Be3 Bxc3 10. bxc3 O-O 11. Qd2 b6 12. Rad1 Ng6 13. Nd4 Bb7 14. f4 a6 15. f5 Nge5 16. Bb3 Ng4 17. Bf4 e5 18. h3 Nf6 19. Nxc6 dxc6 20. Bxe5 Qe7 21. Qf4 Rfe8 22. Bxf6 Qxf6 23. Rd7 Re7 24. e5 Rxe5 25. Rxf7 Qxf7 26. Bxf7+ Kxf7 27. Qxe5 Re8 28. Qc7+ Re7 29. Qb8 c5 30. f6 gxf6 31. Qh8 Bd5 32. Qxf6+ Ke8 33. Qf8+ Kd7 34. Qxh6 Be6 35. Rd1+ Kc6 36. Qf6 Re8 37. Qf3+ Kb5 38. a4+ Ka5 39. Qc6 Bb3 40. Qxe8 Bxd1 41. Qc6 Bxa4 42. Qc7 Bc2 43. h4 Kb5 44. h5 a5 45. h6 a4 46. h7 Bxh7 47. Qxh7 a3 48. Qa7 Kc4 49. Qxa3 b5 50. g4 b4 51. cxb4 cxb4 52. Qb2 b3 53. g5 1-0


[Site "https://www.chess.com"]

[Event "Titled Tuesday Blitz March 15 Late 2022"]
[White "Elissalt Cardenas, Hector"]
[Black "Chiu, Isaac"]
[WhiteFideId "3500632"]
[BlackFideId "30900654"]
[WhiteElo "2159"]
[BlackElo "2117"]
[Result "1/2-1/2"]
[Round "04"]
[TimeControl "180+1"]
[Date "2022.03.16"]
[WhiteClock "0:00:05"]
[BlackClock "0:00:07"]

1. d4 d5 2. c4 dxc4 3. Nf3 c6 4. e3 Be6 5. Nbd2 Nf6 6. Bxc4 Bd5 7. Bd3 Bxf3 8. Nxf3 e6 9. O-O c5 10. Qb3 Qc7 11. Bd2 Nc6 12. Rac1 cxd4 13. Nxd4 Nxd4 14. Rxc7 Nxb3 15. axb3 a6 16. Bc3 Rb8 17. Be5 Nd5 18. Rcc1 Rd8 19. Rfd1 f6 20. Bc7 Rc8 21. Ba5 Rxc1 22. Rxc1 Kd7 23. Be4 Bd6 24. Rd1 Kc6 25. Kf1 h5 26. Ke2 Rc8 27. Rc1+ Kd7 28. Rxc8 Kxc8 29. Bxd5 exd5 30. Bc3 Kd7 31. h3 Ke6 32. Kd3 b5 33. Bd4 g5 34. g4 h4 35. f3 f5 36. Bc3 Bc5 37. Bd4 Bd6 38. Bc3 Bc5 39. Bd4 Be7 40. Bc3 Bc5 1/2-1/2


[Site "https://www.chess.com"]

[Event "Titled Tuesday Blitz March 15 Late 2022"]
[White "Estrada Nieto, Julian"]
[Black "Sarkar, Justin"]
[WhiteFideId "5101018"]
[BlackFideId "2010011"]
[WhiteElo "2246"]
[BlackElo "2038"]
[Result "0-1"]
[Round "04"]
[TimeControl "180+1"]
[Date "2022.03.16"]
[WhiteClock "0:00:02"]
[BlackClock "0:00:05"]

1. e4 e5 2. Nf3 Nc6 3. Bb5 a6 4. Bxc6 dxc6 5. O-O Bd6 6. d4 exd4 7. Qxd4 f6 8. Nbd2 Nh6 9. Nc4 Nf7 10. Nxd6+ cxd6 11. Bf4 Bg4 12. Rad1 Ne5 13. Bxe5 dxe5 14. Qc3 Qe7 15. Rd3 O-O 16. Rfd1 Rad8 17. h3 Bxf3 18. gxf3 Rxd3 19. Qxd3 g5 20. Kg2 Qe6 21. b3 Kg7 22. Qd6 Qxd6 23. Rxd6 Rf7 24. Kf1 Rc7 25. Ke2 h5 26. c4 h4 27. c5 Kf7 28. Kd3 Ke7 29. Kc4 Rc8 30. Kb4 Rf8 31. Ka5 f5 32. exf5 Rxf5 33. Rd3 e4 34. fxe4 Rxf2 35. a4 Rf4 36. Re3 g4 37. hxg4 Rxg4 38. Kb6 Rg3 39. Re1 Rxb3+ 40. Kc7 h3 41. Rg1 Ke6 42. Rg6+ Ke5 43. Rh6 Kxe4 44. Rh7 Kd4 45. a5 Kxc5 46. Rh5+ Kb4 47. Kxb7 c5 48. Kxa6 c4 49. Kb6 Ka4+ 50. Ka6 c3 51. Rh4+ Ka3 52. Rxh3 c2 53. Rh1 Rb1 54. Rh3+ Kb2 55. Rh2 Kb3 56. Rh3+ Kb4 57. Rh4+ Kc5 58. Rh8 c1=Q 59. Rc8+ Kd6 60. Rxc1 Rxc1 61. Kb7 Rb1+ 62. Ka7 Kc7 63. a6 Ra1 64. Ka8 Rxa6# 0-1


[Site "https://www.chess.com"]

[Event "Titled Tuesday Blitz March 15 Late 2022"]
[White "Farmani Anosheh, Armin"]
[Black "Sztokbant, Bernardo Vainzoff"]
[WhiteFideId "24613240"]
[BlackFideId "2115956"]
[WhiteElo "2289"]
[BlackElo "2237"]
[Result "0-1"]
[Round "04"]
[TimeControl "180+1"]
[Date "2022.03.16"]
[WhiteClock "0:00:13"]
[BlackClock "0:00:31"]

1. d4 Nf6 2. c4 g6 3. f3 d5 4. cxd5 Nxd5 5. e4 Nb6 6. Nc3 Bg7 7. Be3 O-O 8. Qd2 Nc6 9. O-O-O e5 10. d5 Nd4 11. h4 f5 12. h5 fxe4 13. hxg6 hxg6 14. fxe4 Bg4 15. Re1 Qf6 16. Bd3 Nd7 17. Nh3 Nc5 18. Bc2 b5 19. Kb1 b4 20. Na4 Nxc2 21. Qxc2 Nxe4 22. Bg5 Nxg5 23. Nxg5 Qxg5 24. Ka1 e4 25. Qxe4 Bf5 26. Qxb4 Rab8 27. Qa3 Qg4 28. Rhf1 Qxa4 29. Qxa4 Bxb2# 0-1


[Site "https://www.chess.com"]

[Event "Titled Tuesday Blitz March 15 Late 2022"]
[White "Federzoni, Enzo"]
[Black "Maltsevskaya, Aleksandra"]
[WhiteFideId "2173301"]
[BlackFideId "24174041"]
[WhiteElo "1956"]
[BlackElo "2241"]
[Result "1/2-1/2"]
[Round "04"]
[TimeControl "180+1"]
[Date "2022.03.16"]
[WhiteClock "0:00:04"]
[BlackClock "0:00:05"]

1. c4 Nf6 2. Nc3 g6 3. e4 d6 4. d4 Bg7 5. Nf3 O-O 6. Bd3 Nc6 7. O-O e5 8. d5 Ne7 9. b4 a5 10. bxa5 Nh5 11. Nd2 Nf4 12. Bc2 f5 13. f3 c5 14. dxc6 bxc6 15. Nb3 Ba6 16. c5 Bxf1 17. Qxf1 d5 18. exd5 Nfxd5 19. Qc4 Kh8 20. Bg5 h6 21. Bxe7 Qxe7 22. Re1 Rfd8 23. h3 Qg5 24. Nxd5 Rxd5 25. a6 Qg3 26. Re2 Rad8 27. Rf2 R5d7 28. Na5 e4 29. Nxc6 Rd1+ 30. Bxd1 Rxd1+ 31. Rf1 exf3 32. Qc2 Rxf1+ 33. Kxf1 Qh2 34. Qf2 Qh1+ 35. Qg1 fxg2+ 36. Kf2 Qxh3 37. Qxg2 Qa3 38. a7 Qxc5+ 39. Kf1 Qa3 40. Qd5 Kh7 41. Qf7 Qa6+ 42. Kg2 Qxc6+ 43. Kg3 Qa8 44. Qc7 h5 45. Qb8 Qe4 46. a8=Q Be5+ 47. Qxe5 Qxe5+ 48. Kh4 Qf4+ 49. Kh3 Qg4+ 50. Kh2 Qf4+ 51. Kh3 Qe4 52. Qa7+ Kh6 53. Qb8 Qe3+ 54. Kh2 Qd2+ 55. Kh3 Qd7 56. Qh8+ Kg5 57. Qe5 Qd3+ 58. Kh2 Qd2+ 59. Kh3 Qd3+ 60. Kh2 h4 61. Qe7+ Kh5 62. Qh7+ Kg5 63. a4 Qg3+ 64. Kh1 Qh3+ 65. Kg1 Qg4+ 66. Kh2 Qxa4 67. Qe7+ Kg4 68. Qe2+ Kg5 69. Qe7+ Kh5 70. Qh7+ Kg5 71. Qe7+ 1/2-1/2


[Site "https://www.chess.com"]